TOP OF THE 1ST |
Seattle Rainiers batting - Pitching for Colorado Commanders : RHP Ramiro Trujillo
|
Pitching: RHP Ramiro Trujillo
|
|
Batting: RHB Enrique Mendoza
|
0-0: Ball 1-0: Called Strike 1-1: Called Strike 1-2: Ball 2-2: Ball 3-2: Base on Balls
|
Batting: LHB Brian Boone
|
0-0: Reached on error, E2 (Groundball, 23) Enrique Mendoza to third
|
Batting: SHB Nick Cox
|
0-0: Ground out 4-3 (Groundball, 34) Enrique Mendoza scores Brian Boone to third
|
Batting: RHB Robert Marks
|
0-0: Ball 1-0: Called Strike 1-1: Ball 2-1: Foul Ball, location: 2F 2-2: Ball 3-2: Strikes out swinging
|
Batting: RHB Jorge Colón
|
0-0: Ball 1-0: Foul Ball, location: 2F 1-1: Called Strike 1-2: Foul Ball, location: 2F 1-2: Ball 2-2: Fly out, F8 (Flyball, 8LM)
|
Top of the 1st over - 1 run(s), 0 hit(s), 1 error(s), 1 left on base; Seattle 1 - Colorado 0 |
BOTTOM OF THE 1ST |
Colorado Commanders batting - Pitching for Seattle Rainiers : RHP Miguel Valenzuela
|
Pitching: RHP Miguel Valenzuela
|
|
Batting: RHB Emiel van Rhee
|
0-0: Swinging Strike 0-1: Ball 1-1: Foul Ball, location: 2F 1-2: Ball 2-2: Ball 3-2: Strikes out looking
|
Batting: LHB David Hernández
|
0-0: Called Strike 0-1: Ball 1-1: Ball 2-1: Ball 3-1: Foul Ball, location: 2F 3-2: Base on Balls
|
Batting: RHB Lee Price
|
0-0: Ball 1-0: Ball 2-0: Called Strike 2-1: Foul Ball, location: 2F 2-2: Strikes out swinging
|
Batting: LHB Gary Kern
|
0-0: SINGLE (Line Drive, 5D) David Hernández to second
|
Batting: RHB José Aranda
|
0-0: Ball 1-0: Ball 2-0: Called Strike 2-1: Ball 3-1: Base on Balls David Hernández to third Gary Kern to second
|
Batting: LHB Michael Barrett
|
0-0: Ball 1-0: Swinging Strike 1-1: Foul Ball, location: 2F 1-2: Ball 2-2: Strikes out looking
|
Bottom of the 1st over - 0 run(s), 1 hit(s), 0 error(s), 3 left on base; Seattle 1 - Colorado 0 |
TOP OF THE 2ND |
Seattle Rainiers batting - Pitching for Colorado Commanders : RHP Ramiro Trujillo
|
Batting: SHB Vicente Pagán
|
0-0: Foul Ball, location: 2F 0-1: SINGLE (Line Drive, 34)
|
Batting: RHB John Hill
|
0-0: Ball 1-0: Called Strike 1-1: Ball 2-1: 2-RUN HOME RUN (Line Drive, 9LD), Distance : 346 ft
|
Batting: RHB Jeremiah Soto
|
0-0: Ball 1-0: Called Strike 1-1: SINGLE (Line Drive, 4MD)
|
Batting: RHB Bill Dawson
|
0-0: Fielders Choice at 2nd, 4-6 (Groundball, 34)
|
Batting: RHB Enrique Mendoza
|
0-0: Ball 1-0: Ball 2-0: Foul Ball, location: 2F 2-1: Foul Ball, location: 2F 2-2: Ball 3-2: SINGLE (Line Drive, 8RS) Bill Dawson to second
|
Batting: LHB Brian Boone
|
0-0: SINGLE (Groundball, 56D) Bill Dawson to third Enrique Mendoza to second Runner from 3rd tries for Home, SAFE, throw made home Enrique Mendoza to third Brian Boone to second
|
Batting: SHB Nick Cox
|
0-0: Called Strike 0-1: Swinging Strike 0-2: Strikes out swinging
|
Batting: RHB Robert Marks
|
0-0: Ball 1-0: Ball 2-0: Called Strike 2-1: Foul Ball, location: 2F 2-2: Foul Ball, location: 2F 2-2: Strikes out swinging
|
Top of the 2nd over - 3 run(s), 5 hit(s), 0 error(s), 2 left on base; Seattle 4 - Colorado 0 |
BOTTOM OF THE 2ND |
Colorado Commanders batting - Pitching for Seattle Rainiers : RHP Miguel Valenzuela
|
Batting: LHB Sergio Fernández
|
0-0: Ball 1-0: Swinging Strike 1-1: Ball 2-1: Ball 3-1: Foul Ball, location: 2F 3-2: Base on Balls
|
Batting: SHB Pancho Vásquez
|
0-0: Ball 1-0: Grounds into double play, 6-4-3 (Groundball, 6)
|
Batting: RHB Richard Wilkins
|
0-0: Ball 1-0: Called Strike 1-1: Swinging Strike 1-2: Ball 2-2: Strikes out swinging
|
Bottom of the 2nd over - 0 run(s), 0 hit(s), 0 error(s), 0 left on base; Seattle 4 - Colorado 0 |
TOP OF THE 3RD |
Seattle Rainiers batting - Pitching for Colorado Commanders : RHP Ramiro Trujillo
|
Batting: RHB Jorge Colón
|
0-0: Ball 1-0: Foul Ball, location: 2F 1-1: Hit by Pitch
|
Batting: SHB Vicente Pagán
|
0-0: Called Strike Jorge Colón steals 2nd base 0-1: Called Strike 0-2: Ball 1-2: Ball 2-2: Ball 3-2: Foul Ball, location: 2F 3-2: SINGLE (Groundball, 4MD) Jorge Colón to third Runner from 3rd tries for Home, throw and OUT! Vicente Pagán to second
|
Batting: RHB John Hill
|
0-0: Ball 1-0: Ground out 4-3 (Groundball, 4M) Vicente Pagán to third
|
Batting: RHB Jeremiah Soto
|
0-0: Called Strike 0-1: Ball 1-1: Foul Ball, location: 2F 1-2: Foul Ball, location: 2F 1-2: Foul Ball, location: 2F 1-2: Strikes out looking
|
Top of the 3rd over - 0 run(s), 1 hit(s), 0 error(s), 1 left on base; Seattle 4 - Colorado 0 |
BOTTOM OF THE 3RD |
Colorado Commanders batting - Pitching for Seattle Rainiers : RHP Miguel Valenzuela
|
Batting: RHB Emiel van Rhee
|
0-0: Called Strike 0-1: SINGLE (Groundball, 56D)
|
Batting: LHB David Hernández
|
0-0: Called Strike 0-1: Ball 1-1: Foul Ball, location: 2F 1-2: Foul Ball, location: 2F 1-2: Strikes out looking
|
Batting: RHB Lee Price
|
0-0: Ball 1-0: Foul Ball, location: 2F 1-1: Swinging Strike 1-2: Ball 2-2: Strikes out swinging
|
Batting: LHB Gary Kern
|
0-0: Ball 1-0: Ball 2-0: Foul Ball, location: 2F 2-1: Called Strike 2-2: Ground out 4-3 (Groundball, 34)
|
Bottom of the 3rd over - 0 run(s), 1 hit(s), 0 error(s), 1 left on base; Seattle 4 - Colorado 0 |
TOP OF THE 4TH |
Seattle Rainiers batting - Pitching for Colorado Commanders : RHP Ramiro Trujillo
|
Batting: RHB Bill Dawson
|
0-0: Called Strike 0-1: Ball 1-1: Ball 2-1: Ground out 4-3 (Groundball, 34)
|
Batting: RHB Enrique Mendoza
|
0-0: Called Strike 0-1: Ball 1-1: Called Strike 1-2: Strikes out looking
|
Batting: LHB Brian Boone
|
0-0: Ground out 4-3 (Groundball, 4)
|
Top of the 4th over - 0 run(s), 0 hit(s), 0 error(s), 0 left on base; Seattle 4 - Colorado 0 |
BOTTOM OF THE 4TH |
Colorado Commanders batting - Pitching for Seattle Rainiers : RHP Miguel Valenzuela
|
Batting: RHB José Aranda
|
0-0: Called Strike 0-1: Foul Ball, location: 2F 0-2: Reached on error, E5 (Groundball, 5S)
|
Batting: LHB Michael Barrett
|
0-0: Called Strike 0-1: Fly out, F8 (Line Drive, 8LS)
|
Batting: LHB Sergio Fernández
|
0-0: Ball 1-0: Fly out, F9 (Flyball, 9S)
|
Batting: SHB Pancho Vásquez
|
0-0: Called Strike 0-1: Swinging Strike 0-2: Ball 1-2: Ball 2-2: Strikes out swinging
|
Bottom of the 4th over - 0 run(s), 0 hit(s), 1 error(s), 1 left on base; Seattle 4 - Colorado 0 |
TOP OF THE 5TH |
Seattle Rainiers batting - Pitching for Colorado Commanders : RHP Ramiro Trujillo
|
Batting: SHB Nick Cox
|
0-0: Ball 1-0: Fly out, F8 (Flyball, 8RD)
|
Batting: RHB Robert Marks
|
0-0: Foul Ball, location: 2F 0-1: Ball 1-1: Called Strike 1-2: Fly out, F9 (Flyball, 89M)
|
Batting: RHB Jorge Colón
|
0-0: Swinging Strike 0-1: Swinging Strike 0-2: Ball 1-2: Strikes out looking
|
Top of the 5th over - 0 run(s), 0 hit(s), 0 error(s), 0 left on base; Seattle 4 - Colorado 0 |
BOTTOM OF THE 5TH |
Colorado Commanders batting - Pitching for Seattle Rainiers : RHP Miguel Valenzuela
|
Batting: RHB Richard Wilkins
|
0-0: Called Strike 0-1: Ball 1-1: SINGLE (Line Drive, 9S)
|
Batting: RHB Emiel van Rhee
|
0-0: Ball 1-0: Fly out, F9 (Flyball, 89M)
|
Batting: LHB David Hernández
|
0-0: Ball 1-0: Called Strike 1-1: Swinging Strike 1-2: Foul Ball, location: 2F 1-2: Foul Ball, location: 2F 1-2: Strikes out swinging
|
Batting: RHB Lee Price
|
0-0: Foul Ball, location: 2F 0-1: Ball Richard Wilkins steals 2nd base 1-1: Ball 2-1: Foul Ball, location: 2F 2-2: Ball 3-2: Foul Ball, location: 2F 3-2: Strikes out swinging
|
Bottom of the 5th over - 0 run(s), 1 hit(s), 0 error(s), 1 left on base; Seattle 4 - Colorado 0 |
TOP OF THE 6TH |
Seattle Rainiers batting - Pitching for Colorado Commanders : RHP Ramiro Trujillo
|
Batting: SHB Vicente Pagán
|
0-0: Ball 1-0: Foul Ball, location: 2F 1-1: Ball 2-1: Ball 3-1: Base on Balls
|
Pitching: LHP Manuel Reyes
|
|
Batting: RHB John Hill
|
0-0: Ball Vicente Pagán steals 2nd base 1-0: Ball 2-0: Fly out, F4 (Popup, 8LS)
|
Batting: RHB Jeremiah Soto
|
0-0: Called Strike 0-1: TRIPLE (Line Drive, 89M) Vicente Pagán scores
|
Batting: RHB Bill Dawson
|
0-0: Fly out, F8 (Popup, 6MD)
|
Batting: RHB Enrique Mendoza
|
0-0: Ball 1-0: Ball 2-0: Foul Ball, location: 2F 2-1: Foul Ball, location: 2F 2-2: Foul Ball, location: 2F 2-2: Strikes out looking
|
Top of the 6th over - 1 run(s), 1 hit(s), 0 error(s), 1 left on base; Seattle 5 - Colorado 0 |
BOTTOM OF THE 6TH |
Colorado Commanders batting - Pitching for Seattle Rainiers : RHP Miguel Valenzuela
|
Pitching: RHP Brandon Sweet
|
|
Batting: LHB Gary Kern
|
0-0: Ball 1-0: Fly out, F7 (Flyball, 7M)
|
Batting: RHB José Aranda
|
0-0: Swinging Strike 0-1: Ball 1-1: Fly out, F7 (Flyball, 7M)
|
Batting: LHB Michael Barrett
|
0-0: Foul Ball, location: 2F 0-1: Fly out, F8 (Flyball, 8RM)
|
Bottom of the 6th over - 0 run(s), 0 hit(s), 0 error(s), 0 left on base; Seattle 5 - Colorado 0 |
TOP OF THE 7TH |
Seattle Rainiers batting - Pitching for Colorado Commanders : LHP Manuel Reyes
|
Batting: LHB Brian Boone
|
0-0: Ball 1-0: Ball 2-0: Ball 3-0: Base on Balls
|
Batting: SHB Nick Cox
|
0-0: Ball 1-0: Foul Ball, location: 2F 1-1: Called Strike 1-2: Strikes out swinging
|
Batting: RHB Robert Marks
|
0-0: Ball Brian Boone steals 2nd base 1-0: Swinging Strike 1-1: Ball 2-1: Ball 3-1: Called Strike 3-2: Base on Balls
|
Batting: RHB Jorge Colón
|
0-0: Called Strike 0-1: Ball Brian Boone steals 3rd base Robert Marks to second 1-1: Called Strike 1-2: Foul Ball, location: 2F 1-2: Strikes out swinging
|
Batting: SHB Vicente Pagán
|
0-0: Called Strike 0-1: Ball Passed Ball! Brian Boone scores Robert Marks to third 1-1: Swinging Strike 1-2: Strikes out swinging
|
Top of the 7th over - 1 run(s), 0 hit(s), 0 error(s), 1 left on base; Seattle 6 - Colorado 0 |
BOTTOM OF THE 7TH |
Colorado Commanders batting - Pitching for Seattle Rainiers : RHP Brandon Sweet
|
Batting: LHB Sergio Fernández
|
0-0: Ball 1-0: Fly out, F6 (Popup, 6D)
|
Batting: SHB Pancho Vásquez
|
0-0: Called Strike 0-1: Swinging Strike 0-2: Ball 1-2: Foul Ball, location: 2F 1-2: Ball 2-2: Ball 3-2: Strikes out swinging
|
Batting: RHB Richard Wilkins
|
0-0: Ball 1-0: Foul Ball, location: 2F 1-1: Ball 2-1: Ground out 6-3 (Groundball, 6M)
|
Bottom of the 7th over - 0 run(s), 0 hit(s), 0 error(s), 0 left on base; Seattle 6 - Colorado 0 |
TOP OF THE 8TH |
Seattle Rainiers batting - Pitching for Colorado Commanders : LHP Manuel Reyes
|
Pitching: RHP Jeff Smith
|
|
Batting: RHB John Hill
|
0-0: Ground out 3-1 (Groundball, 34)
|
Batting: RHB Jeremiah Soto
|
0-0: Ball 1-0: SINGLE (Flyball, 89M)
|
Batting: RHB Bill Dawson
|
0-0: Called Strike Jeremiah Soto steals 2nd base 0-1: Ball 1-1: Ball 2-1: Ball 3-1: Foul Ball, location: 2F 3-2: Strikes out looking
|
Batting: RHB Enrique Mendoza
|
0-0: Called Strike 0-1: Ball 1-1: Swinging Strike 1-2: Strikes out swinging
|
Top of the 8th over - 0 run(s), 1 hit(s), 0 error(s), 1 left on base; Seattle 6 - Colorado 0 |
BOTTOM OF THE 8TH |
Colorado Commanders batting - Pitching for Seattle Rainiers : RHP Brandon Sweet
|
Pitching: RHP Domingo García
|
|
Now in CF: Juan Morales
|
|
Batting: RHB Emiel van Rhee
|
0-0: Hit by Pitch
|
Batting: LHB David Hernández
|
0-0: Swinging Strike 0-1: Ball 1-1: Ball 2-1: Ball 3-1: Called Strike 3-2: Foul Ball, location: 2F 3-2: Base on Balls Emiel van Rhee to second
|
Batting: RHB Lee Price
|
0-0: Ball 1-0: Ball 2-0: SINGLE (Groundball, 4M) Emiel van Rhee to third David Hernández to second Runner from 3rd tries for Home, SAFE, no throw or cutoff
|
Batting: LHB Gary Kern
|
0-0: Fly out, F2 (Popup, 23F)
|
Batting: RHB José Aranda
|
0-0: Called Strike Reached via error on a dropped throw, E4 David Hernández to third Lee Price to second
|
Pitching: LHP William Gordon
|
|
Batting: LHB Michael Barrett
|
0-0: Foul Ball, location: 2F 0-1: Hit by Pitch David Hernández scores Lee Price to third José Aranda to second
|
Batting: LHB Sergio Fernández
|
0-0: Ball 1-0: Foul Ball, location: 2F 1-1: Called Strike 1-2: Ball 2-2: Foul Ball, location: 2F 2-2: Foul Ball, location: 2F 2-2: Ball 3-2: Base on Balls Lee Price scores José Aranda to third Michael Barrett to second
|
Pitching: RHP Nick Clark
|
|
Pinch Hitting: RHB Richard Pendergast
|
0-0: Called Strike 0-1: Ball Passed Ball! José Aranda scores Michael Barrett to third Sergio Fernández to second 1-1: Ball 2-1: Ball 3-1: Base on Balls
|
Batting: RHB Richard Wilkins
|
0-0: Ball 1-0: Swinging Strike 1-1: Ball 2-1: Foul Ball, location: 2F 2-2: Ball 3-2: Foul Ball, location: 2F 3-2: Strikes out looking
|
Pinch Hitting: RHB Joe Haley
|
0-0: Swinging Strike 0-1: Called Strike 0-2: Strikes out looking
|
Bottom of the 8th over - 4 run(s), 1 hit(s), 1 error(s), 3 left on base; Seattle 6 - Colorado 4 |
TOP OF THE 9TH |
Seattle Rainiers batting - Pitching for Colorado Commanders : RHP Jeff Smith
|
Now at SS: Joe Haley
|
|
Now in LF: Richard Pendergast
|
|
Batting: LHB Brian Boone
|
0-0: Ball 1-0: Ball 2-0: Ball 3-0: Base on Balls
|
Batting: SHB Nick Cox
|
0-0: Ball Brian Boone is caught stealing 2nd base 1-0: Foul Ball, location: 2F 1-1: Ball 2-1: Ball 3-1: Fly out, F8 (Flyball, 8LD)
|
Batting: RHB Robert Marks
|
0-0: Called Strike 0-1: Ball 1-1: Ball 2-1: Foul Ball, location: 2F 2-2: Strikes out swinging
|
Top of the 9th over - 0 run(s), 0 hit(s), 0 error(s), 0 left on base; Seattle 6 - Colorado 4 |
BOTTOM OF THE 9TH |
Colorado Commanders batting - Pitching for Seattle Rainiers : RHP Nick Clark
|
Pitching: RHP Jim Thompson
|
|
Batting: LHB David Hernández
|
0-0: Foul Ball, location: 2F 0-1: Foul Ball, location: 2F 0-2: Strikes out swinging
|
Batting: RHB Lee Price
|
0-0: Ground out 5-3 (Groundball, 56)
|
Batting: LHB Gary Kern
|
0-0: Ball 1-0: Foul Ball, location: 2F 1-1: Ball 2-1: Called Strike 2-2: Strikes out swinging
|
Bottom of the 9th over - 0 run(s), 0 hit(s), 0 error(s), 0 left on base; Seattle 6 - Colorado 4 |
|